 Dungeon Crawl Stone Soup version 0.28-a0-932-g843f935a50 (webtiles) character file.

Game seed: 13946153215817357542

160 cheechan the Bolt Thrower (level 5, -9/34 (35) HPs)
             Began as an Octopode Hunter on Nov 27, 2021.
             Mangled by a two-headed ogre (27 damage)
             ... on level 6 of the Dungeon.
             The game lasted 00:11:22 (2273 turns).

cheechan the Bolt Thrower (Octopode Hunter)         Turns: 2273, Time: 00:11:23

HP:   -9/34 (35)    AC:  3    Str: 13    XL:     5   Next: 41%
MP:   5/5           EV: 13    Int: 13    God:
Gold: 147           SH:  0    Dex: 12    Spells: 4/4 levels left

rFire   + + .      SeeInvis .   p - +2 dagger (drain)
rCold   x . .      Faith    .   (no shield)
rNeg    . . .      Spirit   .   l - +2 hat
rPois   .          Reflect  .   d - amulet of magic regeneration
rElec   .          Harm     .   g - ring of fire
rCorr   .          Rampage  .   h - ring of protection from fire
Will    .....                   k - ring of wizardry
Stlth   +++.......              (no ring)
HPRegen 0.11/turn               (no ring)
MPRegen 0.49/turn               (no ring)
                                (no ring)
                                (no ring)

@: studying Slings, lightly drained
A: almost no armour, amphibious, 8 rings, camouflage 1, gelatinous body 1,
(nimble swimmer 1), tentacles
a: no special abilities


You were on level 6 of the Dungeon.
You visited 1 branch of the dungeon, and saw 6 of its levels.

You collected 147 gold pieces.

Inventory:

Hand Weapons
 a - a +2 hand crossbow
 b - a +0 short sword
 m - a +0 hunting sling
 p - a +2 dagger of draining (weapon)
 q - a +0 vampiric short sword
Missiles
 c - 12 bolts
 e - 42 arrows
 n - 41 stones (quivered)
 r - 3 poisoned darts
Armour
 l - a +2 hat (worn)
Jewellery
 d - an amulet of magic regeneration (around mantle)
 g - a ring of fire (left tentacle)
 h - a ring of protection from fire (right tentacle)
 k - a ring of wizardry (on tentacle)
Scrolls
 o - a scroll of noise
Potions
 f - a potion of attraction
 i - a potion of might
 j - a potion of lignification


   Skills:
 + Level 2.6 Fighting
 + Level 5.6 Crossbows
 + Level 2.7 Dodging
 + Level 2.6 Stealth


You had 4 spell levels left.
You didn't know any spells.
Your spell library contained the following spells:

 Spells                   Type           Power      Damage    Failure   Level
 Ignite Poison            Fire/Tmut/Pois 0%         N/A       34%         3
 Mephitic Cloud           Conj/Pois/Air  0%         N/A       34%         3
 Freezing Cloud           Conj/Ice/Air   0%         6-21      96%         5


Dungeon Overview and Level Annotations

Branches:
Dungeon (5/15)
 Temple: D:4-7

Altars:


Innate Abilities, Weirdness & Mutations

You cannot wear most types of armour.
You are amphibious.
You can wear up to eight rings at the same time.
Your skin changes colour to match your surroundings (Stealth+).
Your rubbery body absorbs attacks. (AC +1, EV +1)
((You are camouflaged near water. (Stealth+)))
You have tentacles for arms and can constrict up to eight enemies at once.


Message History

The kobold barely misses you.
You puncture the kobold!
You kill the kobold!
Found 16 gold pieces.
You now have 147 gold pieces (gained 12).
Things that are here:
a +0 vampiric short sword; 3 poisoned darts; a kobold corpse
q - a +0 vampiric short sword;
r - 3 poisoned darts
Things that are here:
a +0 dagger; a +0 flail
There is a stone staircase leading down here.
You see here an adder corpse.
c - 11 bolts (gained 1)
Things that are here:
a +0 club; a goblin corpse You see here a +0 quarterstaff.
c - 12 bolts (gained 1)
You fall into a shaft and drop 2 floors!
The shaft crumbles and collapses.
A two-headed ogre comes into view.
It is wielding two +0 giant spiked clubs.
The two-headed ogre shouts in stereo!
Found a pink potion.
The two-headed ogre closely misses you. x2
You puncture the two-headed ogre! You drain the two-headed ogre.
The two-headed ogre is moderately wounded.
You feel a little less mighty now.
You barely miss the two-headed ogre.
The two-headed ogre is moderately wounded.
The two-headed ogre barely misses you.
The two-headed ogre completely misses you.
You hit the two-headed ogre. You drain the two-headed ogre.
You squeeze the two-headed ogre.
The two-headed ogre is heavily wounded.
The two-headed ogre closely misses you. x2
You closely miss the two-headed ogre.
The two-headed ogre is heavily wounded.
The two-headed ogre closely misses you.
The two-headed ogre hits you with a +0 giant spiked club!!
Ouch! That really hurt!
You die...

###+#####
+.......#
#.......#
#.O@....#
#.#+#....!...
# #.#######
#.# #.# #.#
#.# #.#


You could see a two-headed ogre (drained).

Vanquished Creatures
  A water moccasin zombie (D:5)
  An orc wizard (D:5)
  3 adders
  A dart slug (D:2)
  2 orcs (D:4)
  2 endoplasms
  6 goblins
  5 hobgoblins
  2 jackals (D:5)
  A quokka (D:2)
  2 ball pythons (D:1)
  7 bats
  4 frilled lizards
  5 kobolds
  7 rats
49 creatures vanquished.

Notes
Turn   | Place    | Note
-------+----------+-------------------------------------------
     0 | D:1      | cheechan the Octopode Hunter began the quest for the Orb.
     0 | D:1      | Reached XP level 1. HP: 14/14 MP: 1/1
   187 | D:1      | Reached XP level 2. HP: 19/19 MP: 2/2
   351 | D:1      | Acquired a manual of Slings
   762 | D:1      | Reached XP level 3. HP: 24/24 MP: 3/3
  2098 | D:5      | Entered Level 5 of the Dungeon
  2128 | D:5      | Reached skill level 5 in Crossbows
  2128 | D:5      | Reached XP level 4. HP: 30/30 MP: 4/4
  2229 | D:5      | Reached XP level 5. HP: 16/33 MP: 5/5
  2267 | D:6      | Noticed a two-headed ogre
  2273 | D:6      | Mangled by a two-headed ogre

Illustrated notes

Levels and vault maps discovered:
D:1:      co_arrival_random_square_maze, layout_basic, hangedman_glass_teeth
D:2:      layout_basic, minivault_23, grunt_ministairs_4
D:3:      layout_basic, hellmonk_ghost_happy_afterlife, serial_aquarium,
          aquarium_bridge_long_joined [aquarium_subvault_window,
          aquarium_subvault_balcony, aquarium_subvault_bridge,
          aquarium_subvault_bridge, aquarium_subvault_bridge,
          aquarium_subvault_wall], aquarium_bridge_straight
          [aquarium_subvault_bridge, aquarium_subvault_wall,
          aquarium_subvault_bridge, aquarium_subvault_window],
          aquarium_window_1, aquarium_window_corner, aquarium_window_1,
          aquarium_window_2, aquarium_view_2a, aquarium_view_2g,
          aquarium_balcony_double_1, aquarium_pool_1
D:4:      layout_rooms, kennysheep_generic_room_5, uniq_grinder
D:5:      layout_rooms, minmay_temple_entry_hall, minmay_bent
D:6:      layout_basic

Skill      XL: |  1  2  3 |
---------------+----------+-----
Crossbows      | 5 |  5.6
Stealth        | 2 |  2.6
Fighting       | |  2.6
Dodging        | |  2.7

Action                   |  1- 3 |  4- 6 || total
-------------------------+-------+-------++-------
Melee: Hand crossbow     |    23 |    12 ||    35
       Constrict         |    11 |     5 ||    16
       Tentacles         |     8 |     5 ||    13
       Dagger            |       |     9 ||     9
 Fire: Hand crossbow     |    67 |     4 ||    71
  Use: Scroll            |     7 |       ||     7
       Potion            |       |     1 ||     1
 Stab: Sleeping          |     1 |       ||     1
Armor: Skin              |    10 |     7 ||    17
Dodge: Dodged            |    43 |    38 ||    81

Table legend: (Time is in decaauts)
 A = Elapsed time spent in this place.
 B = Non-inter-level travel time spent in this place.
 C = Inter-level travel time spent in this place.
 D = Time resting spent in this place.
 E = Time spent auto-exploring this place.
 F = Levels seen in this place.
 G = Mean time per level.
                   A        B        C        D        E       F      G
               +--------+--------+--------+--------+--------+-----+--------+
         Total |   2308 |   2308 |      0 |    231 |      0 |   6 |  384.7 |
       Dungeon |   2308 |   2308 |      0 |    231 |      0 |   6 |  384.7 |
               +--------+--------+--------+--------+--------+-----+--------+

Top non-repeatable levels by time:
     D:2: 1112 daAuts
     D:1: 827 daAuts
     D:3: 183 daAuts
     D:5: 137 daAuts
     D:4: 41 daAuts
     D:6: 5 daAuts
